 Dungeon Crawl Stone Soup version 0.20-a0-689-g860b9ab (webtiles) character file.

127 Alarkh the Magician (level 4, -2/30 HPs)
             Began as a Mummy Air Elementalist on Feb 19, 2017.
             Slain by a hobgoblin (5 damage)
             ... on level 2 of the Dungeon.
             The game lasted 00:04:40 (2387 turns).

Alarkh the Magician (Mummy Air Elementalist)        Turns: 2387, Time: 00:04:41

Health: -2/30      AC:  3    Str: 11    XL:     4   Next: 85%
Magic:  0/10       EV: 12    Int: 15    God:
Gold:   58         SH:  0    Dex: 12    Spells: 6/12 levels left

rFire    x . .     SeeInvis .   a - +2 dagger (venom)
rCold    + . .     Gourm    .   i - +0 robe
rNeg     + + +     Faith    .   (no shield)
rPois    ∞         Spirit   .   (no helmet)
rElec    .         Reflect  .   k - +0 cloak
rCorr    .         Harm     .   (no gloves)
MR       .....                  (no boots)
Stlth    ++........             (no amulet)
Regen    0.1/turn               (no ring)
MPRegen  0.2/turn               (no ring)

@: very slightly contaminated
A: no food or potions, fire vulnerability, cold resistance 1, negative energy
resistance 3, torment resistance, unbreathing
a: no special abilities


You were on level 2 of the Dungeon.
You were not hungry.

You visited 1 branch of the dungeon, and saw 3 of its levels.

You collected 58 gold pieces.

Inventory:

Hand Weapons
 a - a +2 dagger of venom (weapon)
 d - a +0 spear
Armour
 i - a +0 robe (worn)
 k - a +0 cloak (worn)
Scrolls
 c - a scroll of remove curse
 e - a scroll of blinking {unknown}
 f - a scroll of random uselessness {unknown}
 g - a scroll of teleportation {unknown}
 h - a scroll of immolation
 j - a scroll of recharging {unknown}
Books
 b - a book of Air

   Spells                             Type                      Level
   a - Shock                          Conjuration/Air              1
   b - Swiftness                      Charms/Air                   2
   c - Static Discharge               Conjuration/Air              3
   d - Airstrike                      Air                          4
   e - Lightning Bolt                 Conjuration/Air              5


   Skills:
 - Level 1.5 Dodging
 - Level 1.5 Stealth
 + Level 4.5 Spellcasting
 + Level 1.9 Conjurations
 + Level 3.3 Air Magic


You had 6 spell levels left.
You knew the following spells:

 Your Spells              Type           Power        Failure   Level  Hunger
a - Static Discharge      Conj/Air       ##......     21%         3    N/A
b - Swiftness             Chrm/Air       #.......     14%         2    N/A
e - Shock                 Conj/Air       ##..         8%          1    N/A

Dungeon Overview and Level Annotations

Branches:
Dungeon (3/15)

Altars:
Xom


Innate Abilities, Weirdness & Mutations

You do not eat or drink.
Your flesh is vulnerable to fire.
You are immune to poison.
Your flesh is cold resistant. (rC+)
You are immune to negative energy. (rN+++)
You are immune to unholy pain and torment.
You can survive without breathing.


Message History

The lightning arcs!
You are struck by lightning.
* * * LOW HITPOINT WARNING * * *
The lightning grounds out.
The orc is struck by lightning.
You kill the orc!
The lightning arcs!
You are struck by lightning.
* * * LOW HITPOINT WARNING * * *
The lightning grounds out.
The hobgoblin hits you.
* * * LOW HITPOINT WARNING * * *
You climb upwards.
There is a stone staircase leading down here.
Casting: Static Discharge
Confirm with . or Enter, or press ? or * to list all spells.
Aiming: Shock
Press: ? - help, Shift-Dir - straight line, f - hobgoblin
Aim: a hobgoblin (severely wounded)
You miscast Shock.
You are momentarily dazzled by a flash of light!
The hobgoblin hits you.
You die...

####........####..
##.....##......##..
##..............###.
###.........>.........
##....................#
##.................÷....
#....................##.
#...............)....###
#..<...@g....(..........
#...........(...........
#...........##.....#####
##......÷(######.### #
##..........## #.# #
#............# #.# #
#..........#.###.# #
#......>...#...#.# #
#..........###...### #


You could see a hobgoblin.

Vanquished Creatures
  Crazy Yiuf (D:2)
  Ijyb (D:2)
  A gnoll (D:1)
  2 adders (D:2)
  A worm (D:2)
  A dart slug (D:2)
  2 leopard geckos (D:1)
  An orc (D:3)
  2 giant cockroaches
  6 goblins
  5 hobgoblins
  2 jackals (D:2)
  8 kobolds
  4 bats
  5 rats (D:1)
42 creatures vanquished.

Notes
Turn   | Place    | Note
-------+----------+-------------------------------------------
     0 | D:1      | Alarkh the Mummy Air Elementalist began the quest for the Orb.
     0 | D:1      | Reached XP level 1. HP: 13/13 MP: 4/4
   291 | D:1      | Reached skill level 3 in Spellcasting
   357 | D:1      | Reached XP level 2. HP: 9/19 MP: 0/6
   582 | D:1      | Reached skill level 1 in Conjurations
  1034 | D:1      | Reached XP level 3. HP: 23/24 MP: 0/8
  1039 | D:1      | Learned a level 3 spell: Static Discharge
  1205 | D:1      | Learned a level 2 spell: Swiftness
  1283 | D:2      | Found a shimmering altar of Xom.
  1295 | D:2      | Noticed Ijyb
  1327 | D:2      | Killed Ijyb
  1327 | D:2      | Reached skill level 4 in Spellcasting
  1357 | D:2      | Found a runed door.
  1432 | D:2      | Reached XP level 4. HP: 16/30 MP: 0/10
  2291 | D:2      | Noticed Crazy Yiuf
  2295 | D:2      | Killed Crazy Yiuf
  2387 | D:2      | Slain by a hobgoblin

Vault maps used:
D:1:      sevenhm_arrival_forest_fort_small_4, minmay_pentomino_o2
D:2:      lemuel_round_altar, kennysheep_another_room, uniq_crazy_yiuf_cottage,
          uniq_iyjb
D:3:      lemuel_round_altar, first_bread, minmay_misc_feat_more_columns

Skill      XL: |  1  2  3 |
---------------+----------+-----
Spellcasting   | 3 4 |  4.5
Conjurations   | 1 |  1.9
Air Magic      | 3 |  3.3
Dodging        | |  1.5
Stealth        | |  1.5

Action                   |  1- 3 |  4- 6 || total
-------------------------+-------+-------++-------
Melee: Unarmed           |    19 |       ||    19
       Spear             |     9 |    35 ||    44
       Dagger            |       |     1 ||     1
 Cast: Shock             |    54 |     6 ||    60
       Static Discharge  |       |    17 ||    17
  Use: Scroll            |     1 |     1 ||     2
 Stab: Sleeping          |     1 |     1 ||     2
Armor: Robe              |     5 |    13 ||    18
Dodge: Dodged            |    36 |    37 ||    73
